 Dungeon Crawl Stone Soup version 0.31-a0-986-g5e6e4ef867 (webtiles) character file.

Game seed: 1535013852183124726

133 mandarbmax the Cutter (level 5, -6/28 HPs)
             Began as a Vine Stalker Fighter on Nov 17, 2023.
             Was an Initiate of Hepliaklqana.
             Mangled by an ogre
             ... wielding a +0 giant club
              (19 damage)
             ... on level 4 of the Dungeon.
             The game lasted 00:03:15 (2548 turns).

mandarbmax the Cutter (Vine Stalker Fighter)        Turns: 2548, Time: 00:03:15

Health: -6/28      AC:  6    Str: 18    XL:     5   Next: 16%
Magic:  0/6        EV:  9    Int:  8    God:    Hepliaklqana [......]
Gold:   123        SH:  5    Dex: 16    Spells: 4/4 levels left

rFire   . . .        a - +0 rapier
rCold   . . .        c - +0 buckler
rNeg    . . .        b - +0 scale mail
rPois   .            (no helmet)
rElec   .            (no cloak)
rCorr   .            (no gloves)
SInv    .            (no boots)
Will    .....        (no amulet) Stlth
                     (no ring)
HPRegen 1.04/turn    (no ring)
MPRegen 0.10/turn

%: guardian spirit
@: no status effects
A: fangs 2, regeneration 1, magic shield, antimagic bite, no potion heal 2
a: Renounce Religion


You were on level 4 of the Dungeon.
You worshipped Hepliaklqana.
Hepliaklqana was noncommittal.
You visited 1 branch of the dungeon, and saw 4 of its levels.

You collected 123 gold pieces.

Inventory:

Hand Weapons
 a - a +0 rapier (weapon)
Missiles
 n - 2 throwing nets
 o - an atropa-tipped dart (quivered)
Armour
 b - a +0 scale mail (worn)
 c - a +0 buckler (worn)
Jewellery
 p - a ring of fire
 r - a ring of poison resistance
Talismans
 l - a dragon-blood talisman
Scrolls
 e - a scroll of fear {unknown}
 f - 3 scrolls of blinking {unknown}
 g - a scroll of teleportation {unknown}
 j - 2 scrolls of vulnerability {unknown}
 m - 3 scrolls of identify {unknown}
Potions
 d - a potion of might
 h - 3 potions of curing {unknown}
 i - 2 potions of attraction {unknown}
 k - a potion of resistance {unknown}
 q - 2 potions of magic {unknown}


   Skills:
 - Level 3.0 Fighting
 * Level 3.9 Short Blades
 - Level 3.0 Armour
 - Level 3.0 Shields


You had 4 spell levels left.
You didn't know any spells.
Your spell library was empty.

Dungeon Overview and Level Annotations

Branches:
Dungeon (4/15)
 Temple: D:4-7

Altars:
Cheibriados
Dithmenos
Hepliaklqana
Ru
Trog
Uskayaw
Yredelemnul


Innate Abilities, Weirdness & Mutations

You have extremely sharp teeth.
Your natural rate of healing is unusually fast.
When hurt, damage is shared between your health and your magic reserves.
Your bite disrupts and absorbs the magic of your enemies.
Potions cannot restore your health.


Message History

r - a ring of poison resistance
m - 3 scrolls labelled XEGAIR IJIEN (gained 1)
A goblin comes into view. It is wielding a +0 club.
The goblin shouts!
A goblin is nearby!
A goblin is nearby!
Found an orange potion, a pair of gloves and a small peridot amulet.
The goblin hits you but does no damage.
You hit the goblin.
You kill the goblin!
No target in view!
No target in view!
No target in view!
No target in view!
No target in view!
No target in view!
No target in view!
No target in view!
No target in view!
An ogre comes into view. It is wielding a +0 giant club.
Things that are here:
a +0 club; a goblin corpse You throw an atropa-tipped dart.
The atropa-tipped dart hits the ogre.
The ogre resists.
You throw an atropa-tipped dart. The atropa-tipped dart hits the ogre.
The ogre resists.
You throw an atropa-tipped dart.
The atropa-tipped dart barely misses the ogre.
Throw: 2 darts (atropa)
Press: ? - help, Q - select action, (/) - cycle Shift-Dir - straight line, f/p - ogre
Aim: an ogre, wielding a +0 giant club (73% to hit, chance to blind on hit: 27%)
You throw an atropa-tipped dart. The atropa-tipped dart hits the ogre.
The ogre resists.
The ogre hits you with a +0 giant club!!
Ouch! That really hurt!
You puncture the ogre!
The ogre is moderately wounded.
The ogre hits you with a +0 giant club!!
Ouch! That really hurt!
You die...

## ..### .#
#...###.#
#..."...#
#........ ..
#.....[.. ..
##.#####......!#
...
(.(.(.O@.....#
##.
#######.)....#
#. #......# #.
#.###### #.
##.##
############.
#...# #..
......... #...#
#.# ########.
#...###.#####
##...
#...........#
#.#..


You could see an ogre.

Vanquished Creatures
  A scorpion (D:4)
  5 orcs (D:3)
  9 ball pythons
  6 endoplasms
  2 giant cockroaches
  8 goblins
  7 hobgoblins
  5 jackals
  3 quokkas
  3 bats
  3 frilled lizards
  6 kobolds
  2 rats
60 creatures vanquished.

Notes
Turn   | Place    | Note
-------+----------+-------------------------------------------
     0 | D:1      | mandarbmax the Vine Stalker Fighter began the quest for the
                  | Orb.
     0 | D:1      | Reached XP level 1. HP: 11/11 MP: 2/2
    54 | D:1      | Reached XP level 2. HP: 16/16 MP: 3/3
   231 | D:1      | Reached XP level 3. HP: 19/19 MP: 4/4
   482 | D:1      | Found a bloodstained altar of Trog.
  1231 | D:3      | Found a faded altar of an unknown god.
  1270 | D:3      | Reached XP level 4. HP: 20/24 MP: 2/5
  1779 | D:3      | Found a shadowy altar of Dithmenos.
  1779 | D:3      | Noticed a shadow
  1783 | D:3      | Found a hazy altar of Hepliaklqana.
  2029 | D:3      | Became a worshipper of Hepliaklqana the Forgotten
  2191 | D:4      | Found a snail-covered altar of Cheibriados.
  2201 | D:4      | Found a hide-covered altar of Uskayaw.
  2202 | D:4      | Found a basalt altar of Yredelemnul.
  2203 | D:4      | Found a sacrificial altar of Ru.
  2360 | D:4      | Noticed a scorpion
  2374 | D:4      | Killed a scorpion
  2375 | D:4      | Reached XP level 5. HP: 14/28 MP: 4/6
  2542 | D:4      | Noticed an ogre
  2548 | D:4      | Mangled by an ogre

Illustrated notes

Levels and vault maps discovered:
D:1:      sevenhm_arrival_forest_fort_small_6, layout_rooms
D:2:      layout_basic, chequers_serial_rivers_room_b
D:3:      layout_basic, riverfiend_overflow_shadow_ancestor,
          shapermc_ecumenical_altar_mp_urbaneastern, serial_bayou_pond_b
D:4:      layout_loops_ring, mainiacjoe_overflow_brackets,
          chequers_temple_overflow_statue_of_worship,
          nicolae_elevator_lobby_asterisk

Skill      XL: |  1  2  3  4 |
---------------+-------------+-----
Short Blades   | 2 3 |  3.9
Shields        | 3 |  3.0
Fighting       | 3 |  3.0
Armour         | 3 |  3.0

Action                     |  1- 3 |  4- 6 || total
---------------------------+-------+-------++-------
  Melee: Rapier            |   133 |    32 ||   165
         Bite              |    36 |    12 ||    48
  Throw: Dart              |       |     8 ||     8
 Armour: Scale mail        |    75 |    16 ||    91
  Dodge: Dodged            |    69 |    10 ||    79
  Block: Buckler           |    41 |     6 ||    47

Table legend: (Time is in decaauts)
 A = Elapsed time spent in this place.
 B = Non-inter-level travel time spent in this place.
 C = Inter-level travel time spent in this place.
 D = Time resting spent in this place.
 E = Time spent auto-exploring this place.
 F = Levels seen in this place.
 G = Mean time per level.
                   A        B        C        D        E       F      G
               +--------+--------+--------+--------+--------+-----+--------+
         Total |   2569 |   2393 |    176 |      0 |   2002 |   4 |  642.2 |
       Dungeon |   2569 |   2393 |    176 |      0 |   2002 |   4 |  642.2 |
               +--------+--------+--------+--------+--------+-----+--------+

Top non-repeatable levels by time:
     D:3: 1147 daAuts
     D:2: 536 daAuts
     D:1: 506 daAuts
     D:4: 379 daAuts
